 Dungeon Crawl Stone Soup version 0.28-a0-769-g550dbda0cd (webtiles) character file.

Game seed: 4603453488347685320

15 cheechan the Skirmisher (level 2, -1/28 HPs)
             Began as a Naga Fighter on Oct 31, 2021.
             Slain by a rat (3 damage)
             ... on level 1 of the Dungeon.
             The game lasted 00:02:00 (493 turns).

cheechan the Skirmisher (Naga Fighter)               Turns: 493, Time: 00:02:01

Health: -1/28      AC:  4    Str: 18    XL:     2   Next: 50%
Magic:  2/2        EV:  7    Int:  8    God:
Gold:   25         SH:  4    Dex: 10    Spells: 1/1 levels left

rFire   . . .      SeeInvis +   a - +0 trident
rCold   . . .      Faith    .   c - +0 buckler
rNeg    . . .      Spirit   .   b - +0 scale mail
rPois   +          Reflect  .   (no helmet)
rElec   .          Harm     .   (no cloak)
rCorr   .          Rampage  .   (no gloves)
Will    .....                   (no barding)
Stlth   ..........              (no amulet)
HPRegen 0.09/turn               (no ring)
MPRegen 0.08/turn               (no ring)

@: short of breath, very slow
A: AC +0, large, see invisible, deformed body, poison resistance, slowness 2,
spit poison 1, naga tail 1
a: Spit Poison


You were on level 1 of the Dungeon.
You visited 1 branch of the dungeon, and saw 1 of its levels.

You collected 25 gold pieces.

Inventory:

Hand Weapons
 a - a +0 trident (weapon)
Missiles
 f - 36 stones
 g - 18 arrows
 h - 10 sling bullets
Armour
 b - a +0 scale mail (worn)
 c - a +0 buckler (worn)
Potions
 d - a potion of might
 e - a potion of invisibility {unknown}


   Skills:
 + Level 3.1 Fighting
 + Level 2.1 Polearms
 + Level 2.7 Armour
 + Level 2.5 Shields


You had one spell level left.
You didn't know any spells.
Your spell library was empty.

Dungeon Overview and Level Annotations

Branches:
Dungeon (1/15)

Altars:


Innate Abilities, Weirdness & Mutations

Your serpentine skin is tough. (AC +0)
You have supernaturally acute eyesight. (SInv)
Armour fits poorly on your strangely shaped body.
Your system is resistant to poisons. (rPois)
You cover ground very slowly.
You can spit poison.
You have a snake-like lower body.


Message History

The splash of poison misses the endoplasm.
You block the rat's attack.
The giant cockroach bites you but does no damage.
The endoplasm freezes you.
You are frozen.
The kobold hits you with a +0 short sword.
You barely miss the endoplasm.
The giant cockroach bites you but does no damage.
The rat bites you but does no damage.
The giant cockroach completely misses you.
The endoplasm freezes you.
You are frozen.
* * * LOW HITPOINT WARNING * * *
The kobold hits you but does no damage. The rat bites you.
* * * LOW HITPOINT WARNING * * *
You puncture the endoplasm!
You kill the endoplasm!
You have got your breath back.
The giant cockroach bites you but does no damage.
The kobold barely misses you. The rat barely misses you.
You closely miss the kobold. The giant cockroach barely misses you.
The kobold hits you with a +0 short sword.
* * * LOW HITPOINT WARNING * * *
You block the rat's attack. You block the giant cockroach's attack.
Okay, then.
Abil: Spit Poison
Press: ? - help, Q - select action, (/) - cycle Shift-Dir - straight line, f - kobold
Aim: a kobold, wielding a +0 short sword The splash of poison misses the kobold.
The splash of poison misses the frilled lizard.
The kobold barely misses you. The rat bites you but does no damage.
The giant cockroach closely misses you.
You barely miss the kobold.
The giant cockroach completely misses you.
You block the kobold's attack. The rat barely misses you.
You hit the kobold.
The kobold is severely wounded.
You block the giant cockroach's attack. The kobold hits you but does no damage.
The rat bites you.
You die...

.......##..
#........
.......#..#
#.......#
#....#.##
#.......#
#......#
#.......#
#.....##
#.......#
#.....#
#.......#
#.....###
#.....r.####
#.....##.
.)...lK@...#
#.....##.
......B....#
####..'.#
....###....#
##.##. ...
#....# #.##.
. #....#
#.###
###....# #.#
#......# #.#
#......# #..
#......#
##.#


You could see a giant cockroach, a kobold, a frilled lizard and a rat.

Vanquished Creatures
  2 dart slugs (D:1)
  An endoplasm (D:1)
  A goblin (D:1)
  A kobold (D:1)
  A ball python (D:1)
  2 bats (D:1)
  2 frilled lizards (D:1)
  2 rats (D:1)
12 creatures vanquished.

Notes
Turn   | Place    | Note
-------+----------+-------------------------------------------
     0 | D:1      | cheechan the Naga Fighter began the quest for the Orb.
     0 | D:1      | Reached XP level 1. HP: 21/21 MP: 1/1
   246 | D:1      | Reached XP level 2. HP: 19/28 MP: 2/2
   493 | D:1      | Slain by a rat

Illustrated notes

Levels and vault maps discovered:
D:1:      arrival_zaba_pyramid, layout_basic, minmay_misc_feat_rows

Action                   || total
-------------------------++-------
Melee: Trident           ||    43
 Abil: Spit Poison       ||     4
Armor: Scale mail        ||    29
Dodge: Dodged            ||    32
Block: Buckler           ||    12

Table legend: (Time is in decaauts)
 A = Elapsed time spent in this place.
 B = Non-inter-level travel time spent in this place.
 C = Inter-level travel time spent in this place.
 D = Time resting spent in this place.
 E = Time spent auto-exploring this place.
 F = Levels seen in this place.
 G = Mean time per level.
                   A        B        C        D        E       F      G
               +--------+--------+--------+--------+--------+-----+--------+
         Total |    671 |    671 |      0 |      0 |      0 |   1 |  671.0 |
       Dungeon |    671 |    671 |      0 |      0 |      0 |   1 |  671.0 |
               +--------+--------+--------+--------+--------+-----+--------+

Top non-repeatable levels by time:
     D:1: 671 daAuts
